 Dungeon Crawl Stone Soup version 0.25-a0-782-g655279ceaa (webtiles) character file.

Game seed: 10705938873921031938, levelgen mode: deterministic

146 kae the Ruffian (level 5, -2/40 HPs)
             Began as a Draconian Transmuter on Apr 16, 2020.
             Slain by Grinder (10 damage)
             ... on level 4 of the Dungeon.
             The game lasted 00:02:43 (3145 turns).

kae the Ruffian (Draconian Transmuter)              Turns: 3145, Time: 00:02:43

Health: -2/40      AC:  5    Str: 13    XL:     5   Next: 7%
Magic:  9/9        EV: 12    Int: 13    God:
Gold:   146        SH:  0    Dex: 10    Spells: 8/9 levels left

rFire    . . .     SeeInvis .   j - +3 flail
rCold    . . .     Gourm    .   (no shield)
rNeg     . . .     Faith    .   (armour unavailable)
rPois    .         Spirit   .   (helmet restricted)
rElec    .         Reflect  .   (no cloak)
rCorr    .         Harm     .   (no gloves)
MR       .....                  (no boots)
Stlth    +.........             (no amulet)
HPRegen  0.13/turn              (no ring)
MPRegen  0.11/turn              (no ring)

@: no status effects
A: unfitting armour, clumsy 1, sense surroundings 1, cold-blooded, AC +5
a: no special abilities


You were on level 4 of the Dungeon.
You were not hungry.

You visited 1 branch of the dungeon, and saw 4 of its levels.

You collected 146 gold pieces.

Inventory:

Hand Weapons
 g - a +0 hand axe
 j - a +3 flail (weapon)
Missiles
 a - 32 arrows
Scrolls
 b - a scroll of identify
 e - a scroll of teleportation
 m - a scroll of remove curse
Potions
 d - a potion of invisibility
 f - a potion of lignification
 h - 2 potions of flight
 i - a potion of curing
 k - a potion of might
 l - 2 potions of resistance
Comestibles
 c - 4 rations
 n - 4 chunks of flesh


   Skills:
 - Level 1.1 Fighting
 - Level 1.7 Dodging
 * Level 4.7 Unarmed Combat
 + Level 2.9 Spellcasting
 + Level 3.0 Transmutations


You had 8 spell levels left.
You knew the following spells:

 Your Spells              Type           Power        Failure   Level  Hunger
a - Beastly Appendage     Tmut           #.....       7%          1    #......

Your spell library contained the following spells:

 Spells                   Type           Power        Failure   Level  Hunger
 Sticks to Snakes         Tmut           #.......     10%         2    ###....
 Spider Form              Tmut/Pois      #.........   36%         3    ###....
 Ice Form                 Ice/Tmut       #.......     77%         4    #####..
 Blade Hands              Tmut           #.........   88%         5    ######.


Dungeon Overview and Level Annotations

Branches:
Dungeon (4/15)
 Temple: D:4-7

Altars:
Fedhas
Wu Jian

Annotations:
D:4 Grinder


Innate Abilities, Weirdness & Mutations

Your plain brown scales are hard. (AC +5)
You cannot fit into any form of body armour.
You are cold-blooded and may be slowed by cold attacks.
You are clumsy. (Dex -2)
You passively map a small area around you.


Message History

You closely miss Grinder.
You tail-slap Grinder, but do no damage.
Grinder hits you but does no damage. Grinder hits you.
You writhe in agony.
You hit Grinder.
Grinder is lightly wounded.
Grinder barely misses you.
You are too injured to fight recklessly!
You are too injured to fight recklessly!
You sock Grinder!
Grinder is heavily wounded.
Grinder hits you.
You writhe in agony.
Grinder gestures at you. Pain shoots through your body!
* * * LOW HITPOINT WARNING * * *
You are too injured to fight recklessly!
You are too injured to fight recklessly!
You hit Grinder.
Grinder is heavily wounded.
Grinder hits you!
You die...

### #.###
###...#####
#.........# ,
#.#.#.###.#### *
,#####.#.#.# #....#
#...5@..#.# #).#.#
, *
#.###.#.._.....#รท#
, * #.#.#.#...##.#
#.#.#.....##<# ,
#.#.####..#### ,* *
* *#.#.# #..#* * ,
, ..... ... ,, * ,,
, #.### , *,* * * *
, * , *,


You could see Grinder.

Vanquished Creatures
  An orc wizard (D:3)
  3 adders (D:3)
  2 dart slugs
  5 leopard geckos
  2 orcs (D:3)
  3 ball pythons
  11 bats
  5 giant cockroaches
  8 goblins
  7 hobgoblins
  7 jackals
  9 kobolds
  A quokka (D:2)
  2 frilled lizards (D:2)
  10 rats
76 creatures vanquished.

Vanquished Creatures (others)
  An orc (D:3)
1 creature vanquished.

Grand Total: 77 creatures vanquished

Notes
Turn   | Place    | Note
-------+----------+-------------------------------------------
     0 | D:1      | kae the Draconian Transmuter began the quest for the Orb.
     0 | D:1      | Reached XP level 1. HP: 16/16 MP: 3/3
   339 | D:1      | Reached XP level 2. HP: 15/23 MP: 5/5
  1257 | D:2      | Reached XP level 3. HP: 20/28 MP: 6/6
  1443 | D:2      | Found a faded altar of an unknown god.
  1560 | D:2      | Reached skill level 4 in Unarmed Combat
  2003 | D:3      | Reached XP level 4. HP: 35/35 MP: 5/7
  2070 | D:3      | Found a blossoming altar of Fedhas.
  2762 | D:3      | Gained mutation: You are clumsy. (Dex -2) [potion of
                  | mutation]
  2762 | D:3      | Gained mutation: You passively map a small area around you.
                  | [potion of mutation]
  2771 | D:3      | Reached XP level 5. HP: 25/40 MP: 9/9
  3129 | D:4      | Found an ornate altar of the Wu Jian Council.
  3133 | D:4      | Noticed Grinder
  3135 | D:4      | Paralysed by Grinder for 6 turns
  3145 | D:4      | Slain by Grinder

Levels and vault maps discovered:
D:1:      enne_arrival_octagon_isle, layout_loops_corners, dk_noncrumbling_4
D:2:      layout_loops_ring, chequers_ecumenical_altar_simple,
          chequers_serial_rivers_room_a
D:3:      layout_loops_ring, fedhas_altar_3
D:4:      layout_basic, lemuel_crystal_altar, vehumet_altar_wand_db,
          first_ration, nicolae_ossuary_entry_giza, uniq_grinder, uniq_natasha

Skill      XL: |  1  2  3  4 |
---------------+-------------+-----
Unarmed Combat | 4 |  4.7
Transmutations | 3 |  3.0
Fighting       | |  1.1
Dodging        | |  1.7
Spellcasting   | |  2.9

Action                   |  1- 3 |  4- 6 || total
-------------------------+-------+-------++-------
Melee: Unarmed           |    31 |       ||    31
       Tailslap          |    19 |     9 ||    28
       Hand axe          |   146 |    21 ||   167
       Headbutt          |     6 |     5 ||    11
       Kick              |     4 |     1 ||     5
       Punch             |     1 |     1 ||     2
       Flail             |       |    63 ||    63
 Cast: Beastly Appendage |    23 |     8 ||    31
  Use: Scroll            |     5 |     6 ||    11
       Potion            |       |     3 ||     3
 Stab: Sleeping          |     2 |       ||     2
  Eat: Chunk             |     4 |     4 ||     8
Armor: Skin              |   107 |    63 ||   170
Dodge: Dodged            |   181 |    77 ||   258

Table legend:
 A = Non-vault XP
 B = Vault XP
 C = Vault XP percentage of total XP
 D = Non-vault monster count
 E = Vault monster count
 F = Vault count percentage of total count
                 A         B        C        D         E       F
            +---------+---------+-------+---------+---------+-------
      Total |     209 |       0 |   0.0 |      77 |       0 |   0.0
            +---------+---------+-------+---------+---------+-------
        D:1 |      35 |       0 |   0.0 |      24 |       0 |   0.0
        D:2 |      42 |       0 |   0.0 |      21 |       0 |   0.0
        D:3 |     126 |       0 |   0.0 |      29 |       0 |   0.0
        D:4 |       6 |       0 |   0.0 |       3 |       0 |   0.0
            +---------+---------+-------+---------+---------+-------
